 Dungeon Crawl Stone Soup version 0.29-a0-474-gdfe5cd140f (webtiles) character file.

Game seed: 4212905572553571667

7825 Bruhh the Fighter (level 11, 0/117 HPs)
             Began as an Ogre Transmuter on May 24, 2022.
             Was a Believer of Uskayaw.
             Slain by a harpy skeleton (8 damage)
             ... on level 1 of the Abyss.
             The game lasted 00:16:37 (13604 turns).

Bruhh the Fighter (Ogre Transmuter)                Turns: 13604, Time: 00:16:39

Health: 0/117      AC:  8    Str: 16    XL:     11   Next: 21%
Magic:  0/18       EV:  9    Int: 18    God:    Uskayaw [**....]
Gold:   585        SH:  0    Dex:  5    Spells: 12/20 levels left

rFire   . . .      SeeInvis .     - Unarmed
rCold   . . .      Faith    .   (no shield)
rNeg    . . .      Spirit   +   a - +1 robe
rPois   .          Reflect  .   (helmet restricted)
rElec   .          Harm     .   (no cloak)
rCorr   .          Rampage  .   (gloves unavailable)
Will    ++...                   (boots unavailable)
Stlth   +.........              b - amulet of guardian spirit
HPRegen 0.29/turn               v - +4 ring of protection
MPRegen 0.16/turn               g - ring of willpower

@: no status effects
A: large, unfitting armour, tough skin 1, [clumsy 2]
a: Renounce Religion, Stomp, Line Pass


You were on level 1 of the Abyss.
You worshipped Uskayaw.
Uskayaw was noncommittal.
You visited 2 branches of the dungeon, and saw 10 of its levels.
You visited the Abyss 1 time.

You collected 585 gold pieces.

Inventory:

Hand Weapons
 r - a +2 dagger of venom
Armour
 a - a +1 robe (worn)
Jewellery
 b - an amulet of guardian spirit (around neck)
 g - a ring of willpower (right hand)
 h - a ring of flight
 s - a +4 ring of protection
 v - a +4 ring of protection (left hand)
Wands
 d - a wand of digging (2)
 D - a wand of mindburst (3)
Scrolls
 e - a scroll of poison
 i - 3 scrolls of enchant armour
 j - a scroll of enchant weapon
 k - a scroll of fear
 l - a scroll of amnesia
 n - 2 scrolls of blinking
 y - a scroll of brand weapon {unknown}
 z - a scroll of magic mapping {unknown}
 A - 3 scrolls of vulnerability {unknown}
 C - 2 scrolls of fog
Potions
 m - a potion of ambrosia {unknown}
 o - 4 potions of curing {unknown}
 p - 2 potions of attraction {unknown}
 t - 3 potions of brilliance
 u - a potion of invisibility {unknown}
 x - 3 potions of haste {unknown}
 B - 2 potions of degeneration {unknown}


   Skills:
 - Level 10.0 Fighting
 - Level 1.7 Dodging
 - Level 10.0 Unarmed Combat
 - Level 5.0 Spellcasting
 + Level 7.9 Transmutations
 + Level 6.8 Invocations


You had 12 spell levels left.
You knew the following spells:

 Your Spells              Type           Power      Damage    Failure   Level
a - Beastly Appendage     Tmut           66%        N/A       1%          1
b - Spider Form           Tmut/Pois      18%        N/A       8%          3
c - Ice Form              Ice/Tmut       18%        N/A       26%         4

Your spell library contained the following spells:

 Spells                   Type           Power      Damage    Failure   Level
 Wereblood                Tmut           33%        N/A       1%          2
 Sublimation of Blood     Necr           4%         N/A       21%         2
 Petrify                  Tmut/Erth      18%        N/A       26%         4
 Stone Arrow              Conj/Erth      8%         3d7       36%         3
 Irradiate                Conj/Tmut      9%         3d16      58%         5
 Animate Armour           Summ/Erth      8%         N/A       78%         4
 Hailstorm                Conj/Ice       4%         3d4       78%         4
 Simulacrum               Ice/Necr       2%         N/A       100%        6
 Lehudib's Crystal Spear  Conj/Erth      2%         10d2      100%        8


Dungeon Overview and Level Annotations

Branches:
Dungeon (9/15)             Temple (1/1) D:4             Orc (0/2) D:9
   Lair: D:8-11

Altars:
Ashenzari
Cheibriados
Dithmenos
Elyvilon
Fedhas
Hepliaklqana
Kikubaaqudgha
Makhleb
Okawaru
Qazlal
Ru
Sif Muna
Trog
Uskayaw
Wu Jian
Xom
Yredelemnul
Zin
The Shining One
Beogh

Shops:
D:3 :   D:4 !   D:6 **   D:8 =

Annotations:
D:3 1 runed translucent door, Crazy Yiuf
D:5 3 runed translucent doors, Bruhh's ghost, novice OgTm
D:9 Erolcha


Innate Abilities, Weirdness & Mutations

You are too large for most types of armour.
You have tough skin. (AC +1)
[You are very clumsy. (Dex -4)]


Message History

The starcursed mass is moderately damaged.
The harpy skeleton claws you!
* * * LOW HITPOINT WARNING * * *
The harpy skeleton claws you.
* * * LOW HITPOINT WARNING * * *
The harpy skeleton claws you.
* * * LOW HITPOINT WARNING * * *
The harpy skeleton claws you!
* * * LOW HITPOINT WARNING * * *
The starcursed mass touches you but does no damage.
You can now pass through a line of other dancers.
You feel much better. The harpy skeleton claws you!
* * * LOW HITPOINT WARNING * * *
The harpy skeleton claws you.
* * * LOW HITPOINT WARNING * * *
The harpy skeleton claws you.
* * * LOW HITPOINT WARNING * * *
The harpy skeleton claws you but does no damage.
A starcursed mass splits.
The starcursed mass shrieks in your mind.
* * * LOW HITPOINT WARNING * * *
Casting: Ice Form (dangerous; 26% risk of failure)
Confirm with . or Enter, or press ? or * to list all spells.
Okay, then.
You hit the starcursed mass.
The starcursed mass is heavily damaged.
The starcursed mass shudders and is absorbed by its neighbour.
The harpy skeleton claws you but does no damage.
The harpy skeleton claws you.
* * * LOW HITPOINT WARNING * * *
The harpy skeleton closely misses you. The harpy skeleton claws you.
* * * LOW HITPOINT WARNING * * *
You punch the harpy skeleton!
The harpy skeleton is moderately damaged.
The harpy skeleton claws you!
* * * LOW HITPOINT WARNING * * *
The harpy skeleton claws you.
* * * LOW HITPOINT WARNING * * *
The harpy skeleton claws you!
You die...

## # ## #.. #. .
#### #.##
.##.#.#..##..
......#.....#.#
. ##......#...
.. .
........Z#### #
.
####..#.@#..##..
.... ###h### .#.
.#.. #.## .... #
. . ##.## ## .
.# #..... .#. #
#.#X.X... # ...
. # .#h#. . ยง#


You could see a raiju and a harpy skeleton.

Vanquished Creatures
  2 two-headed ogres
  A wretched star (Abyss:1)
  An orange demon (Abyss:1)
  A troll (D:9)
  Grinder (D:3)
  Prince Ribbit (D:9)
  A hornet (D:9)
  A raiju (Abyss:1)
  6 yaks (D:9)
  Grum (D:9)
  Duvessa (D:4)
  A water moccasin (D:6)
  4 orc warriors (D:9)
  2 ice beasts (D:5)
  4 wolves (D:8)
  6 centaurs
  An ogre (D:7)
  A phantom (D:5)
  7 bullfrogs
  2 necrophages
  A gnoll sergeant (D:9)
  2 scorpions
  Dowan (D:4)
  10 wights
  15 killer bees
  7 howler monkeys
  3 hounds
  3 starcursed masses (Abyss:1)
  3 jellies
  6 orc priests
  3 iguanas
  5 orc wizards
  Robin (D:3)
  13 gnolls
  6 adders
  2 white imps
  An ufetubus (D:5)
  2 worms
  A dart slug (D:5)
  22 orcs
  9 endoplasms
  A giant cockroach (D:4)
  16 goblins
  13 hobgoblins
  4 jackals (D:4)
  9 kobolds
  4 quokkas
  3 ball pythons (D:1)
  5 bats
  5 frilled lizards
  4 rats
225 creatures vanquished.

Vanquished Creatures (collateral kills)
  A tentacled starspawn (Abyss:1)
1 creature vanquished.

Vanquished Creatures (others)
  2 fungi (D:5)
  2 plants (D:5)
  2 starspawn tentacles (Abyss:1)
6 creatures vanquished.

Grand Total: 232 creatures vanquished

Notes
Turn   | Place    | Note
-------+----------+-------------------------------------------
     0 | D:1      | Bruhh the Ogre Transmuter began the quest for the Orb.
     0 | D:1      | Reached XP level 1. HP: 19/19 MP: 3/3
    99 | D:1      | Found a faded altar of an unknown god.
   222 | D:1      | Reached XP level 2. HP: 28/28 MP: 3/5
   615 | D:1      | Reached XP level 3. HP: 5/35 MP: 7/7
  1890 | D:3      | Noticed Robin
  2106 | D:4      | Learned a level 3 spell: Spider Form
  2111 | D:4      | Reached XP level 4. HP: 40/44 MP: 8/8
  2698 | D:3      | Killed Robin
  2895 | D:3      | Noticed Grinder
  2899 | D:3      | Paralysed by Grinder for 2 turns
  2922 | D:3      | Killed Grinder
  2923 | D:3      | Reached XP level 5. HP: 13/55 MP: 3/11
  2923 | D:3      | Reached XP level 6. HP: 15/63 MP: 3/12
  3402 | D:3      | Found Ydozenymn's Book Boutique.
  3518 | D:3      | Found a runed translucent door.
  3521 | D:3      | Noticed Crazy Yiuf
  4032 | D:4      | Noticed Duvessa
  4032 | D:4      | Noticed Dowan
  4164 | D:4      | Found Himesedu's Distillery.
  4458 | D:4      | Killed Duvessa
  4459 | D:4      | Reached skill level 5 in Fighting
  4459 | D:4      | Reached XP level 7. HP: 61/72 MP: 9/13
  4464 | D:4      | Killed Dowan
  4814 | D:4      | Found a staircase to the Ecumenical Temple.
  4852 | D:4      | Reached skill level 5 in Spellcasting
  4883 | Temple   | Entered the Ecumenical Temple
  5001 | Temple   | Became a worshipper of Uskayaw the Reveller
  5107 | D:4      | Reached * piety under Uskayaw
  5111 | D:4      | Reached ** piety under Uskayaw
  5253 | D:5      | Entered Level 5 of the Dungeon
  5268 | D:5      | Reached *** piety under Uskayaw
  5276 | D:5      | Reached **** piety under Uskayaw
  5291 | D:5      | Reached skill level 5 in Unarmed Combat
  5371 | D:5      | Reached XP level 8. HP: 77/87 MP: 15/15
  5494 | D:5      | Found a blossoming altar of Fedhas.
  5495 | D:5      | Found an ancient bone altar of Kikubaaqudgha.
  5797 | D:5      | Found a runed translucent gate.
  5798 | D:5      | Found a runed translucent gate.
  5798 | D:5      | Noticed Bruhh's ghost (novice OgTm)
  5799 | D:5      | Found a runed translucent gate.
  6122 | D:5      | Identified the +2 fustibalus of Naddus {flame, Str+2 Dex+4}
  6713 | D:6      | Found Kuniurow's General Store.
  6794 | D:6      | Found Bucit's Overcharged Wands.
  7276 | D:6      | Reached XP level 9. HP: 98/100 MP: 16/16
  7354 | D:6      | Identified the +2 falchion of Huiwy {vorpal, rPois rC-
                  | Int+4}
  7662 | D:7      | Noticed a two-headed ogre
  7675 | D:7      | Killed a two-headed ogre
  7676 | D:7      | Reached skill level 10 in Fighting
  8459 | D:7      | Reached ***** piety under Uskayaw
  8596 | D:7      | Learned a level 4 spell: Ice Form
  8664 | D:7      | Found an ornate altar of the Wu Jian Council.
  9055 | D:8      | Reached skill level 5 in Transmutations
  9055 | D:8      | Reached XP level 10. HP: 25/107 MP: 8/17
  9864 | D:8      | Reached skill level 1 in Invocations
 10001 | D:8      | Found Wysatul's Jewellery Boutique.
 10269 | D:8      | Found a snail-covered altar of Cheibriados.
 10378 | D:8      | Found a stormy altar of Qazlal.
 10385 | D:8      | Found a broken altar of Ashenzari.
 10386 | D:8      | Found a basalt altar of Yredelemnul.
 10388 | D:8      | Found a shadowy altar of Dithmenos.
 10669 | D:9      | Noticed Grum
 11207 | D:9      | Killed Grum
 11264 | D:9      | Noticed Prince Ribbit
 11272 | D:9      | Killed Prince Ribbit
 11871 | D:9      | Reached skill level 10 in Unarmed Combat
 12032 | D:9      | Found a hazy altar of Hepliaklqana.
 12723 | D:9      | Reached skill level 5 in Invocations
 12807 | D:9      | Found a staircase to the Orcish Mines.
 13003 | D:9      | Noticed a two-headed ogre
 13014 | D:9      | Killed a two-headed ogre
 13015 | D:9      | Reached XP level 11. HP: 74/117 MP: 11/18
 13268 | D:9      | Noticed Erolcha
 13272 | D:9      | Cast into level 1 of the Abyss (Erolcha)
 13272 | Abyss:1  | Found a corrupted altar of Lugonu.
 13297 | Abyss:1  | Noticed a worldbinder
 13306 | Abyss:1  | Noticed a worldbinder
 13316 | Abyss:1  | Noticed a cyan very ugly thing
 13316 | Abyss:1  | Noticed a green very ugly thing
 13316 | Abyss:1  | Noticed a cyan very ugly thing
 13390 | Abyss:1  | Noticed a starcursed mass
 13399 | Abyss:1  | Noticed a tentacled starspawn
 13404 | Abyss:1  | Killed a tentacled starspawn
 13504 | Abyss:1  | Noticed a starcursed mass
 13517 | Abyss:1  | Paralysed by accursed screaming for 1 turns
 13519 | Abyss:1  | Paralysed by accursed screaming for 1 turns
 13524 | Abyss:1  | Noticed a wretched star
 13540 | Abyss:1  | Killed a wretched star
 13567 | Abyss:1  | Killed a starcursed mass
 13567 | Abyss:1  | Reached ****** piety under Uskayaw
 13604 | Abyss:1  | Slain by a harpy skeleton

Illustrated notes

Levels and vault maps discovered:
D:1:      minmay_arrival_solitary_statue, layout_rooms,
          ebering_ecumenical_altar_mist, minmay_misc_feat_four_crosses
D:2:      layout_basic, interstate_on_off
D:3:      layout_basic, serial_shops, shop, uniq_grinder,
          uniq_crazy_yiuf_cottage, uniq_robin
D:4:      layout_basic, temple_fountains, serial_shops, shop, uniq_duvessa
D:5:      layout_loops_ring, grunt_temple_overflow_growth_and_decay,
          gammafunk_ghost_nasty_kobolds
D:6:      layout_loops_ring, serial_shops, shop, nicolae_shop_overcharged_wands
D:7:      layout_gridville, mainiacjoe_overflow_24_doors
D:8:      layout_basic, amcnicky_altar_gilded, minitemple, serial_shops,
          nicolae_shop_hallway_plus
D:9:      layout_irregular_city, mainiacjoe_overflow_tiny_flanked, david_orc_5,
          serial_column_ruins, column_ruins_hut, column_ruins_courtyard_long,
          column_ruins_columns_straight, column_ruins_open_small,
          column_ruins_open_medium, column_ruins_grid_1,
          column_ruins_open_medium, uniq_grum, uniq_erolcha, uniq_prince_ribbit1
Temple:   compressed_dpeg_circular_temple
Abyss:1:  base: Temple, evilmike_abyss_exit_vortex, evilmike_abyss_exit_vortex,
          bh_abyss_negative

Skill      XL: |  1  2  3  4  5  6  7  8  9 10 |
---------------+-------------------------------+-----
Transmutations | 2 3 5 7 |  7.9
Fighting       | 2 4 5 7 9 10 | 10.0
Unarmed Combat | 3 4 5 6 9 10 | 10.0
Spellcasting   | 3 4 5 |  5.0
Invocations    | 6 |  6.8
Dodging        | |  1.7

Action                   |  1- 3 |  4- 6 |  7- 9 | 10-12 || total
-------------------------+-------+-------+-------+-------++-------
Melee: Unarmed           |   107 |    92 |   305 |   243 ||   747
       Headbutt          |    13 |     5 |    39 |    14 ||    71
       Kick              |    21 |     8 |    49 |    34 ||   112
       Punch             |     1 |     2 |     7 |     7 ||    17
       Dagger            |       |    38 |       |       ||    38
 Cast: Beastly Appendage |    29 |     9 |    32 |    20 ||    90
       Spider Form       |       |     2 |     3 |     4 ||     9
       Ice Form          |       |       |       |     5 ||     5
Invok: Stomp             |       |       |     4 |     1 ||     5
       Line Pass         |       |       |     1 |       ||     1
Evoke: Wand              |       |       |     4 |     4 ||     8
  Use: Scroll            |       |     7 |       |     9 ||    16
       Potion            |       |       |     3 |     4 ||     7
 Stab: Sleeping          |       |     1 |       |       ||     1
       Paralysed         |       |       |    10 |    15 ||    25
Armor: Robe              |    34 |    71 |   127 |    92 ||   324
       Skin              |       |     1 |    72 |    31 ||   104
Dodge: Dodged            |    37 |    64 |   132 |   141 ||   374

Table legend: (Time is in decaauts)
 A = Elapsed time spent in this place.
 B = Non-inter-level travel time spent in this place.
 C = Inter-level travel time spent in this place.
 D = Time resting spent in this place.
 E = Time spent auto-exploring this place.
 F = Levels seen in this place.
 G = Mean time per level.
                   A        B        C        D        E       F      G
               +--------+--------+--------+--------+--------+-----+--------+
         Total |  13518 |  13215 |    303 |   2887 |   8464 |  11 | 1228.9 |
       Dungeon |  13065 |  12786 |    279 |   2887 |   8195 |   9 | 1451.7 |
        Temple |    127 |    103 |     24 |      0 |     85 |   1 |  127.0 |
         Abyss |    325 |    325 |      0 |      0 |    184 |   1 |  325.0 |
               +--------+--------+--------+--------+--------+-----+--------+

Top non-repeatable levels by time:
     D:8: 2659 daAuts
     D:6: 2047 daAuts
     D:4: 1849 daAuts
     D:3: 1414 daAuts
     D:9: 1258 daAuts
     D:7: 1026 daAuts
     D:5: 963 daAuts
     D:2: 947 daAuts
     D:1: 900 daAuts
 Abyss:1: 325 daAuts
  Temple: 127 daAuts
